 Dungeon Crawl Stone Soup version 0.27-a0-1090-gb115f176c6 (webtiles) character file.

Game seed: 17897452995861905653

384 porpoise the Magician (level 6, -3/48 HPs)
             Began as a Djinni Venom Mage on Apr 28, 2021.
             Slain by a mummy (16 damage)
             ... in an ossuary.
             The game lasted 00:19:36 (5911 turns).

porpoise the Magician (Djinni Venom Mage)           Turns: 5911, Time: 00:19:36

Health: -3/48      AC:  2    Str:  7    XL:     6   Next: 77%
Gold:   120        EV: 12    Int: 18    God:
                   SH:  0    Dex: 14

rFire    + + .     SeeInvis .   a - +3 short sword (venom)
rCold    x . .     Faith    .   (no shield)
rNeg     . . .     Spirit   .   B - +0 robe
rPois    ∞         Reflect  .   (no helmet)
rElec    .         Harm     .   (no cloak)
rCorr    .         Rampage  .   (no gloves)
Will     .....                  (boots unavailable)
Stlth    ++........             (no amulet)
HPRegen  0.16/turn              (no ring)
MPRegen  0.00/turn              (no ring)

@: flying
A: fire resistance 2, cold vulnerability 1, float, innate caster, hp casting,
extra vitality 1
a: no special abilities


You were in an ossuary.
You visited 1 branch of the dungeon, and saw 5 of its levels.
You also visited: Ossuary.

You collected 170 gold pieces.
You spent 50 gold pieces at shops.

Inventory:

Hand Weapons
 a - a +3 short sword of venom (weapon)
 b - a +0 hunting sling
Missiles
 d - 13 arrows
 f - 55 bolts
 m - 58 stones
 p - 4 curare-tipped darts
 u - 3 poisoned darts (quivered)
 v - 3 boomerangs
Armour
 B - a +0 robe (worn)
Jewellery
 y - an amulet of faith
Scrolls
 c - a scroll of immolation {unknown}
 e - a scroll of blinking {unknown}
 g - a scroll of brand weapon {unknown}
 j - a scroll of fog {unknown}
 n - a scroll of amnesia {unknown}
 o - 2 scrolls of enchant weapon
 r - a scroll of identify {unknown}
 x - a scroll of fear {unknown}
Potions
 h - 3 potions of curing {unknown}
 l - a potion of mutation {unknown}
 q - a potion of degeneration {unknown}
 s - 2 potions of brilliance {unknown}
 t - a potion of haste {unknown}
 w - a potion of might {unknown}
 z - a potion of ambrosia {unknown}
 A - a potion of lignification {unknown}


   Skills:
 + Level 4.5 Fighting
 - Level 2.1 Dodging
 - Level 1.5 Stealth
 + Level 4.7 Spellcasting


You couldn't memorise any spells.
You knew the following spells:

 Your Spells              Type           Power      Damage    Failure   Level
a - Sting                 Tmut/Pois      84%        1d7       1%          1
i - Ignite Poison         Fire/Tmut/Pois 21%        N/A       6%          3
m - Mephitic Cloud        Conj/Pois/Air  21%        N/A       6%          3
n - Pain                  Necr           84%        1d8       1%          1
o - Olgreb's Toxic Radia  Pois           21%        N/A       19%         4
v - Poisonous Vapours     Pois/Air       42%        N/A       3%          2
w - Wereblood             Tmut           21%        N/A       3%          2
Your spell library was empty.

Dungeon Overview and Level Annotations

Branches:
Dungeon (5/15)            Ossuary (1/1)
 Temple: D:4-7

Altars:
Gozag
Hepliaklqana
Vehumet
Wu Jian

Shops:
D:2 !


Innate Abilities, Weirdness & Mutations

You are immune to poison.
Your flesh is very heat resistant. (rF++)
You are vulnerable to cold. (rC-)
You float through the air rather than walking.
You learn spells naturally, not from books.
Your magical power is your life essence.
You have superior vitality. (+4 HP)


Message History

The mummy hits you. x2
* * * LOW HITPOINT WARNING * * *
Fire: 3 sling bullets
Press: ? - help, Q - select action, (/) - cycle Shift-Dir - straight line, f/p - mummy
Aim: a mummy (75% to hit)
You shoot a sling bullet. The sling bullet hits the mummy.
The mummy is lightly damaged.
The mummy barely misses you.
Fire: 2 sling bullets
Press: ? - help, Q - select action, (/) - cycle Shift-Dir - straight line, f/p - mummy
Aim: a mummy (lightly damaged, 75% to hit)
You shoot a sling bullet. The sling bullet hits the mummy.
The mummy is moderately damaged.
The mummy barely misses you.
Fire: sling bullet
Press: ? - help, Q - select action, (/) - cycle Shift-Dir - straight line, f/p - mummy
Aim: a mummy (moderately damaged, 75% to hit)
You shoot a sling bullet. The sling bullet hits the mummy.
The mummy is heavily damaged.
The mummy misses you. x2
Fire: 60 stones
Press: ? - help, Q - select action, (/) - cycle Shift-Dir - straight line, f/p - mummy
Aim: a mummy (heavily damaged, 75% to hit)
You shoot a stone. The stone hits the mummy.
The mummy is heavily damaged.
The mummy hits you but does no damage.
Fire: 59 stones
Press: ? - help, Q - select action, (/) - cycle Shift-Dir - straight line, f/p - mummy
Aim: a mummy (heavily damaged, 75% to hit)
You shoot a stone.
The stone hits the mummy but does no damage.
The mummy is heavily damaged.
The mummy barely misses you. The mummy misses you.
Your +3 short sword of venom begins to drip with poison!
a - a +3 short sword of venom (weapon)
The mummy barely misses you.
You hit the mummy but do no damage.
The mummy is heavily damaged.
The mummy hits you!
You die...

#....#
#(((.#
#.((.#
#.(((#
#.((.#
#(.(.#
#(..(#
#MMM.#
#.@(.#
######


You could see 3 mummies.

Vanquished Creatures
  A hound (D:4)
  An orc priest (D:3)
  A centaur skeleton (D:4)
  A hound skeleton (D:4)
  4 mummies
  4 gnolls (D:4)
  5 adders
  An adder skeleton (D:4)
  A worm (D:3)
  7 dart slugs
  14 orcs
  6 endoplasms
  6 giant cockroaches
  2 gnoll zombies (Ossuary)
  7 goblins
  7 hobgoblins
  8 jackals
  3 quokkas
  12 ball pythons
  2 bats
  3 frilled lizards
  A hobgoblin zombie (Ossuary)
  13 kobolds
  2 kobold zombies (Ossuary)
  3 orc zombies (Ossuary)
  10 rats
125 creatures vanquished.

Vanquished Creatures (others)
  A plant (D:3)
1 creature vanquished.

Grand Total: 126 creatures vanquished

Notes
Turn   | Place    | Note
-------+----------+-------------------------------------------
     0 | D:1      | porpoise the Djinni Venom Mage began the quest for the Orb.
     0 | D:1      | Reached XP level 1. HP: 15/15 MP: 0/0
   234 | D:1      | Reached skill level 1 in Fighting
   234 | D:1      | Reached XP level 2. HP: 19/22 MP: 0/0
   762 | D:1      | Reached XP level 3. HP: 26/27 MP: 0/0
   762 | D:1      | Learned a level 1 spell: Pain
  1512 | D:2      | Found Asick's Distillery.
  1531 | D:2      | Bought a potion of heal wounds for 50 gold pieces
  1881 | D:2      | Reached XP level 4. HP: 29/34 MP: 0/0
  3406 | D:3      | Reached XP level 5. HP: 17/40 MP: 0/0
  3406 | D:3      | Learned a level 2 spell: Wereblood
  4743 | D:4      | Reached XP level 6. HP: 45/47 MP: 0/0
  5193 | D:4      | Found a hazy altar of Hepliaklqana.
  5194 | D:4      | Found an ornate altar of the Wu Jian Council.
  5195 | D:4      | Found an opulent altar of Gozag.
  5777 | D:5      | Entered Level 5 of the Dungeon
  5793 | D:5      | Found a sand-covered staircase.
  5831 | Ossuary  | Entered an ossuary
  5911 | Ossuary  | Slain by a mummy

Illustrated notes

Levels and vault maps discovered:
D:1:      eino_arrival_water_star, layout_rooms
D:2:      layout_basic, serial_shops, nicolae_shop_trees, basic_altar,
          st_stairs_2, chequers_hall_statues_wall_a, minmay_tall_x
D:3:      layout_basic, nrook_mini_vaults, saegor_snake_ambush
D:4:      layout_loops_ring, chequers_temple_overflow_statue_of_worship,
          serial_glass, glass_columns_a, glass_columns_b, glass_columns_a,
          glass_columns_a, glass_columns_b, glass_columns_a, glass_columns_b,
          glass_columns_a, minmay_strange_pillars, minmay_strange_pillars,
          minmay_strange_pillars, item_on_display_a
D:5:      layout_basic, nicolae_ossuary_entry_giza, uniq_menkaure, uniq_edmund
Ossuary:  ossuary_tomb_3

Skill      XL: |  1  2  3  4  5  6 |
---------------+-------------------+-----
Fighting       | 1 2 3 4 |  4.5
Spellcasting   | 3 4 |  4.7
Dodging        | |  2.1
Stealth        | |  1.5

Action                   |  1- 3 |  4- 6 || total
-------------------------+-------+-------++-------
Melee: Whip              |    21 |       ||    21
       Short sword       |    49 |    57 ||   106
 Fire: Hunting sling     |       |    82 ||    82
Throw: Dart              |       |     2 ||     2
 Cast: Sting             |    44 |    13 ||    57
       Pain              |     7 |    24 ||    31
       Poisonous Vapours |       |    52 ||    52
       Ignite Poison     |       |     5 ||     5
       Wereblood         |       |     1 ||     1
       Mephitic Cloud    |       |     2 ||     2
  Use: Scroll            |       |     1 ||     1
       Potion            |       |     1 ||     1
 Stab: Sleeping          |     2 |     3 ||     5
Armor: Robe              |    10 |    15 ||    25
Dodge: Dodged            |    72 |    62 ||   134

Table legend: (Time is in decaauts)
 A = Elapsed time spent in this place.
 B = Non-inter-level travel time spent in this place.
 C = Inter-level travel time spent in this place.
 D = Time resting spent in this place.
 E = Time spent auto-exploring this place.
 F = Levels seen in this place.
 G = Mean time per level.
                   A        B        C        D        E       F      G
               +--------+--------+--------+--------+--------+-----+--------+
         Total |   5937 |   5816 |    121 |   2741 |   2258 |   6 |  989.5 |
       Dungeon |   5847 |   5726 |    121 |   2739 |   2258 |   5 | 1169.4 |
       Ossuary |     89 |     89 |      0 |      2 |      0 |   1 |   89.0 |
               +--------+--------+--------+--------+--------+-----+--------+

Top non-repeatable levels by time:
     D:2: 1661 daAuts
     D:3: 1655 daAuts
     D:1: 1288 daAuts
     D:4: 1186 daAuts
 Ossuary: 89 daAuts
     D:5: 56 daAuts
